 Dungeon Crawl Stone Soup version 0.26-a0-778-g3fe0686644 (webtiles) character file.

Game seed: 8674238751164246228

5567 robertstho the Frost Mage (level 10, 0/74 HPs)
             Began as a Gnoll Ice Elementalist on Nov 10, 2020.
             Was a Believer of Sif Muna.
             Slain by a tengu warrior
             ... wielding a +0 battleaxe
             ... led by a tengu warrior
              (20 damage)
             ... on level 13 of the Dungeon on Nov 11, 2020.
             The game lasted 00:19:14 (11468 turns).

robertstho the Frost Mage (Gnoll Ice Elementalist) Turns: 11468, Time: 00:19:15

Health: 0/74       AC:  7    Str: 17    XL:     10   Next: 72%
Magic:  13/21      EV: 17    Int: 20    God:    Sif Muna [**....]
Gold:   434        SH:  0    Dex: 16    Spells: 9/24 levels left

rFire    . . .     SeeInvis .   D - +0 halberd
rCold    . . .     Faith    .   (shield currently unavailable)
rNeg     . . .     Spirit   .   i - +2 robe {Archmagi}
rPois    +         Reflect  .   (no helmet)
rElec    .         Harm     .   H - +0 cloak
rCorr    .         Rampage  .   r - +0 pair of gloves
MR       .....                  (no boots)
Stlth    ++++......             (no amulet)
HPRegen  0.22/turn              E - ring of poison resistance
MPRegen  0.17/turn              q - +6 ring of strength

@: about to teleport, frozen ramparts
A: distributed training, fangs 1, strong nose
a: Channel Magic, Renounce Religion


You were on level 13 of the Dungeon.
You worshipped Sif Muna.
Sif Muna was pleased with you.
You visited 2 branches of the dungeon, and saw 12 of its levels.

You collected 434 gold pieces.

Inventory:

Hand Weapons
 f - a +0 trident
 h - a +0 dagger
 v - a +0 dagger of holy wrath
 C - a +1 hand axe of electrocution
 D - a +0 halberd (weapon)
 I - a +2 quarterstaff of chaos
Missiles
 a - 27 poisoned darts
 b - 8 boomerangs (quivered)
Armour
 i - a +2 robe of the Archmagi (worn)
 r - a +0 pair of gloves (worn)
 y - a +1 leather armour of fire resistance
 H - a +0 cloak (worn)
Jewellery
 q - a +6 ring of strength (right hand)
 E - a ring of poison resistance (left hand)
 J - an uncursed ring of flight
Wands
 e - a wand of random effects (33)
 t - a wand of enslavement (5)
 x - a wand of flame (13)
 z - a wand of iceblast (8)
 B - a wand of digging (6)
Scrolls
 c - 3 scrolls of teleportation
 d - 4 scrolls of remove curse
 g - 3 scrolls of enchant weapon
 j - 2 scrolls of fog {unknown}
 l - a scroll of enchant armour {unknown}
 o - a scroll of noise {unknown}
 p - 4 scrolls of fear {unknown}
 u - 3 scrolls of amnesia {unknown}
 F - a scroll of magic mapping {unknown}
 G - a scroll of random uselessness {unknown}
 L - a scroll of immolation {unknown}
Potions
 k - a potion of might
 m - a potion of heal wounds
 n - 5 potions of lignification
 s - a potion of brilliance
 w - a potion of cancellation
 A - 3 potions of haste
 K - a potion of curing


   Skills:
 + Level 5.5 Fighting
 + Level 5.5 Short Blades
 + Level 5.5 Long Blades
 + Level 5.5 Axes
 + Level 5.5 Maces & Flails
 + Level 5.5 Polearms
 + Level 5.5 Staves
 + Level 5.5 Slings
 + Level 5.5 Bows
 + Level 5.5 Crossbows
 + Level 5.5 Throwing
 + Level 5.5 Armour
 + Level 7.3 Dodging
 + Level 7.0 Stealth
 + Level 5.5 Shields
 + Level 5.5 Unarmed Combat
 + Level 7.5 Spellcasting
 + Level 4.5 Conjurations
 + Level 4.5 Hexes
 + Level 4.5 Summonings
 + Level 4.5 Necromancy
 + Level 4.5 Translocations
 + Level 4.5 Transmutations
 + Level 4.5 Fire Magic
 + Level 8.5 Ice Magic
 + Level 4.5 Air Magic
 + Level 4.5 Earth Magic
 + Level 4.5 Poison Magic
 + Level 6.1 Invocations
 + Level 5.5 Evocations


You had 9 spell levels left.
You knew the following spells:

 Your Spells              Type           Power        Failure   Level
a - Freeze                Ice            ####         1%          1
b - Frozen Ramparts       Ice            ######       1%          3
c - Ozocubu's Armour      Ice            ######..     1%          3
d - Hailstorm             Conj/Ice       ######..     6%          4
e - Summon Ice Beast      Ice/Summ       ######..     6%          4

Your spell library contained the following spells:

 Spells                   Type           Power        Failure   Level
 Magic Dart               Conj           ####         1%          1
 Sandblast                Erth           #####.       1%          1
 Summon Small Mammal      Summ           ####         1%          1
 Call Imp                 Summ           #####...     1%          2
 Passwall                 Tmut/Erth      #####...     1%          2
 Searing Ray              Conj           #####.       1%          2
 Call Canine Familiar     Summ           #####...     4%          3
 Dazzling Flash           Conj/Hex       #####.       4%          3
 Stone Arrow              Conj/Erth      #####.       4%          3
 Summon Guardian Golem    Hex/Summ       #####...     4%          3
 Fulminant Prism          Conj/Hex       #####.....   14%         4
 Iskenderun's Mystic Bla  Conj/Tloc      #####...     14%         4
 Petrify                  Tmut/Erth      #####...     14%         4
 Summon Lightning Spire   Summ/Air       #####...     14%         4
 Lee's Rapid Deconstruct  Erth           #####.....   36%         5


Dungeon Overview and Level Annotations

Branches:
Dungeon (10/15)            Temple (1/1) D:6
   Lair: D:8-11         Orc: D:9-12

Altars:
Ashenzari
Cheibriados
Elyvilon
Hepliaklqana
Kikubaaqudgha
Okawaru
Qazlal
Sif Muna
Vehumet
Xom
Zin
The Shining One

Shops:
D:13 *

Annotations:
D:3 2 transporters, 1 runed translucent door
D:9 1 runed translucent door


Innate Abilities, Weirdness & Mutations

Your experience applies equally to all skills.
You have very sharp teeth.
Your uncanny sense of smell can sniff out nearby items.


Message History

Unknown command.
Your ice beast disappears in a puff of smoke!
The wall freezes the tengu warrior!
The wall freezes the tengu warrior. x2
Casting: Frozen Ramparts (safe; 1% risk of failure)
Confirm with . or Enter, or press ? or * to list all spells.
You feel a surge of power! A chill wind blows around you.
The wall freezes the tengu warrior.
The wall freezes the tengu warrior!
The tengu warrior hits you with a +0 battleaxe!
* * * LOW HITPOINT WARNING * * *
The tengu warrior pecks you but does no damage.
The tengu warrior barely misses you.
The wall freezes the tengu warrior!
The wall freezes the tengu warrior.
Your ice beast misses the tengu warrior.
As you read the scroll of teleportation, it crumbles to dust.
You feel strangely unstable.
The wall freezes the tengu warrior!
The tengu warrior closely misses you. x2
The tengu warrior claws you but does no damage.
The tengu warrior hits you with a +0 battleaxe!!
You die...

#.#....# #..# ..###.
......#.##..# #.......
........#..#####...... ..
..#.....†.##......#..## ...
..................#...##.###
.....##.†#..................
.....#...###......##........
#.........#.......##........
...........<∩...@Q..........
.................Q..........
........)##......Y..........
.........##......>..[.......
......!..##..........#..####
.........##................
########################....
.Z.. ...


You could see 2 tengu warriors and a friendly ice beast (summoned).

Vanquished Creatures
  A two-headed ogre (D:8)
  Maurice (D:8)
  A shadow (D:13)
  A wyvern (D:7)
  A steam dragon (D:8)
  An orc warrior (D:9)
  2 ice beasts
  2 sky beasts
  A necrophage (D:9)
  5 ogres
  4 centaurs
  5 bullfrogs
  A wyvern zombie (D:7)
  A scorpion (D:6)
  13 killer bees (D:9)
  3 wights (D:8)
  3 howler monkeys (D:8)
  3 jellies
  A centaur zombie (D:5)
  3 hounds
  Crazy Yiuf (D:7)
  3 orc priests
  4 orc wizards
  2 bullfrog skeletons
  A centaur skeleton (D:9)
  Ijyb (D:5)
  Natasha (D:3)
  3 iguanas
  5 worker ants
  3 hound skeletons
  2 worker ant zombies (D:5)
  7 gnolls
  9 adders
  A shadow imp (D:6)
  4 white imps
  2 ufetubi (D:5)
  8 oozes
  2 adder zombies
  3 worms
  A dart slug (D:1)
  3 leopard geckos
  27 orcs
  2 ball pythons
  9 giant cockroaches
  7 goblins
  8 hobgoblins
  14 jackals
  5 quokkas
  6 bats
  4 frilled lizards
  6 kobolds
  A leopard gecko skeleton (D:4)
  A leopard gecko zombie (D:6)
  13 rats
222 creatures vanquished.

Vanquished Creatures (collateral kills)
  A water moccasin (D:9)
  A nameless horror (D:4)
  2 ice beasts
  A phantom (D:8)
  A bullfrog (D:7)
  A scorpion (D:7)
  3 wights (D:9)
  A bullfrog zombie (D:5)
  A hound (D:9)
  An orc wizard (D:5)
  A worker ant (D:13)
  A hound zombie (D:5)
  3 adders
  A howler monkey skeleton (D:4)
  A shadow imp (D:8)
  An ufetubus (D:5)
  An adder zombie (D:5)
  2 leopard geckos
24 creatures vanquished.

Vanquished Creatures (others)
  A bush (D:3)
  5 plants (D:3)
6 creatures vanquished.

Grand Total: 252 creatures vanquished

Notes
Turn   | Place    | Note
-------+----------+-------------------------------------------
     0 | D:1      | robertstho the Gnoll Ice Elementalist began the quest for
                  | the Orb.
     0 | D:1      | Reached XP level 1. HP: 13/13 MP: 6/6
     1 | D:1      | Found a runed translucent door.
   100 | D:1      | Reached XP level 2. HP: 19/19 MP: 0/7
   438 | D:1      | Reached XP level 3. HP: 23/25 MP: 3/9
   453 | D:1      | Reached skill level 5 in Spellcasting
   890 | D:1      | Learned a level 3 spell: Frozen Ramparts
   894 | D:1      | Learned a level 3 spell: Ozocubu's Armour
   896 | D:1      | Reached skill level 1 in Invocations
   898 | D:1      | Reached skill level 1 in Fighting
   898 | D:1      | Reached skill level 1 in Short Blades
   898 | D:1      | Reached skill level 1 in Long Blades
   898 | D:1      | Reached skill level 1 in Axes
   898 | D:1      | Reached skill level 1 in Maces & Flails
   898 | D:1      | Reached skill level 1 in Polearms
   898 | D:1      | Reached skill level 1 in Staves
   898 | D:1      | Reached skill level 1 in Slings
   898 | D:1      | Reached skill level 1 in Bows
   898 | D:1      | Reached skill level 1 in Crossbows
   898 | D:1      | Reached skill level 1 in Throwing
   898 | D:1      | Reached skill level 1 in Armour
   898 | D:1      | Reached skill level 1 in Shields
   898 | D:1      | Reached skill level 1 in Unarmed Combat
   898 | D:1      | Reached skill level 1 in Evocations
   902 | D:1      | Reached XP level 4. HP: 29/32 MP: 7/11
   930 | D:1      | Reached skill level 1 in Conjurations
   930 | D:1      | Reached skill level 1 in Hexes
   930 | D:1      | Reached skill level 1 in Summonings
   930 | D:1      | Reached skill level 1 in Necromancy
   930 | D:1      | Reached skill level 1 in Translocations
   930 | D:1      | Reached skill level 1 in Transmutations
   930 | D:1      | Reached skill level 1 in Fire Magic
   930 | D:1      | Reached skill level 1 in Air Magic
   930 | D:1      | Reached skill level 1 in Earth Magic
   930 | D:1      | Reached skill level 1 in Poison Magic
   936 | D:1      | Learned a level 4 spell: Hailstorm
  1137 | D:2      | Reached XP level 5. HP: 34/37 MP: 12/12
  1203 | D:2      | Found a broken altar of Ashenzari.
  2163 | D:3      | Found a transporter.
  2341 | D:3      | Found a transporter.
  2776 | D:3      | Reached XP level 6. HP: 44/44 MP: 13/13
  2787 | D:3      | Found a runed translucent door.
  2787 | D:3      | Found a glowing golden altar of the Shining One.
  2787 | D:3      | Noticed an angel
  2837 | D:3      | Noticed Natasha
  2841 | D:3      | Killed Natasha
  3347 | D:4      | Learned a level 4 spell: Summon Ice Beast
  3352 | D:4      | Found a white marble altar of Elyvilon.
  3385 | D:4      | Found an iron altar of Okawaru.
  3409 | D:4      | Reached skill level 5 in Dodging
  3649 | D:4      | Noticed an ice beast
  3654 | D:4      | Noticed a nameless horror
  3658 | D:4      | Killed a nameless horror
  3667 | D:4      | Killed an ice beast
  3667 | D:4      | Reached XP level 7. HP: 17/50 MP: 5/15
  4133 | D:4      | Found a snail-covered altar of Cheibriados.
  4181 | D:4      | Found a shimmering altar of Xom.
  4362 | D:5      | Entered Level 5 of the Dungeon
  4658 | D:5      | Noticed Ijyb
  4688 | D:5      | Killed Ijyb
  4688 | D:5      | Reached skill level 5 in Stealth
  5324 | D:5      | Reached XP level 8. HP: 57/57 MP: 12/16
  6062 | D:6      | Found a staircase to the Ecumenical Temple.
  6110 | Temple   | Entered the Ecumenical Temple
  6160 | Temple   | Became a worshipper of Sif Muna the Loreminder
  6424 | D:6      | Found a hazy altar of Hepliaklqana.
  7081 | D:7      | Noticed a wyvern
  7087 | D:7      | Killed a wyvern
  7087 | D:7      | Reached XP level 9. HP: 44/65 MP: 14/18
  7464 | D:7      | Found an ancient bone altar of Kikubaaqudgha.
  7570 | D:7      | Found a runed translucent door.
  7571 | D:7      | Noticed Crazy Yiuf
  7784 | D:7      | Killed Crazy Yiuf
  7890 | D:8      | Reached * piety under Sif Muna
  7891 | D:8      | Reached skill level 8 in Ice Magic
  7987 | D:8      | Noticed Maurice
  8574 | D:8      | Noticed a two-headed ogre
  8582 | D:8      | Killed a two-headed ogre
  8582 | D:8      | Reached skill level 5 in Invocations
  8582 | D:8      | Reached XP level 10. HP: 12/73 MP: 16/20
  9487 | D:8      | Reached skill level 5 in Fighting
  9487 | D:8      | Reached skill level 5 in Short Blades
  9487 | D:8      | Reached skill level 5 in Long Blades
  9487 | D:8      | Reached skill level 5 in Axes
  9487 | D:8      | Reached skill level 5 in Maces & Flails
  9487 | D:8      | Reached skill level 5 in Polearms
  9487 | D:8      | Reached skill level 5 in Staves
  9487 | D:8      | Reached skill level 5 in Slings
  9487 | D:8      | Reached skill level 5 in Bows
  9487 | D:8      | Reached skill level 5 in Crossbows
  9487 | D:8      | Reached skill level 5 in Throwing
  9487 | D:8      | Reached skill level 5 in Armour
  9487 | D:8      | Reached skill level 5 in Shields
  9487 | D:8      | Reached skill level 5 in Unarmed Combat
  9487 | D:8      | Reached skill level 5 in Evocations
 10040 | D:8      | Killed Maurice
 10259 | D:9      | Found a glowing silver altar of Zin.
 10265 | D:9      | Reached ** piety under Sif Muna
 10907 | D:9      | Found a runed translucent door.
 10907 | D:9      | Noticed a sixfirhy
 11405 | D:10     | Entered Level 10 of the Dungeon
 11408 | D:10     | You fall into a shaft and drop 3 floors!
 11415 | D:13     | Found Vorhoz's General Store.
 11458 | D:13     | Noticed a tengu warrior
 11459 | D:13     | Noticed a tengu warrior
 11468 | D:13     | Slain by a tengu warrior

Illustrated notes

Levels and vault maps discovered:
D:1:      dpeg_arrival_caged_fury, layout_basic
D:2:      layout_rooms, evilmike_ruin_ashenzari
D:3:      gammafunk_steamed_eel, layout_loops_ring, serial_forest,
          infiniplex_forest_lined_ring, infiniplex_forest_lined_ring,
          infiniplex_forest_split, infiniplex_forest_end_2,
          infiniplex_forest_clump_tiny, infiniplex_forest_clump_medium,
          infiniplex_forest_end_2, infiniplex_forest_lined_room_2,
          infiniplex_forest_end_3, lemuel_angel_altar, uniq_natasha
D:4:      layout_cave_pods, nicolae_overflow_quartered_altars,
          grunt_ministairs_14, minmay_splitting_lines, abandoned_shop
D:5:      layout_basic, serial_undead, serial_undead_d, serial_undead_b,
          serial_undead_b, serial_undead_d, uniq_ijyb
D:6:      layout_gridville, lemuel_coloured_pillars_altar, temple_fountains
D:7:      layout_cave_pools, basic_altar, uniq_crazy_yiuf_cottage
D:8:      layout_basic, uniq_maurice
D:9:      cheibrodos_shockbox, layout_stronghold, zin_statuary
D:10:     layout_rooms, lair_entry_dummy
D:13:     layout_rooms, grunt_vaults_entry_fortified,
          portal_ice_cave_demonic_guard, serial_shops, shop,
          kennysheep_generic_room_2
Temple:   regret_index_temple_generic_petals

Skill      XL: |  1  2  3  4  5  6  7  8  9 10 |
---------------+-------------------------------+-----
Spellcasting   | 5 6 7 |  7.5
Invocations    | 1 2 3 4 5 6 |  6.1
Fighting       | 1 2 3 4 5 |  5.5
Short Blades   | 1 2 3 4 5 |  5.5
Long Blades    | 1 2 3 4 5 |  5.5
Axes           | 1 2 3 4 5 |  5.5
Maces & Flails | 1 2 3 4 5 |  5.5
Polearms       | 1 2 3 4 5 |  5.5
Staves         | 1 2 3 4 5 |  5.5
Slings         | 1 2 3 4 5 |  5.5
Bows           | 1 2 3 4 5 |  5.5
Crossbows      | 1 2 3 4 5 |  5.5
Throwing       | 1 2 3 4 5 |  5.5
Armour         | 1 2 3 4 5 |  5.5
Shields        | 1 2 3 4 5 |  5.5
Unarmed Combat | 1 2 3 4 5 |  5.5
Evocations     | 1 2 3 4 5 |  5.5
Conjurations   | 1 2 3 4 |  4.5
Hexes          | 1 2 3 4 |  4.5
Summonings     | 1 2 3 4 |  4.5
Necromancy     | 1 2 3 4 |  4.5
Translocations | 1 2 3 4 |  4.5
Transmutations | 1 2 3 4 |  4.5
Fire Magic     | 1 2 3 4 |  4.5
Air Magic      | 1 2 3 4 |  4.5
Earth Magic    | 1 2 3 4 |  4.5
Poison Magic   | 1 2 3 4 |  4.5
Dodging        | 5 6 7 |  7.3
Stealth        | 5 6 7 |  7.0
Ice Magic      | 8 |  8.5

Action                   |  1- 3 |  4- 6 |  7- 9 | 10-12 || total
-------------------------+-------+-------+-------+-------++-------
Melee: Unarmed           |    49 |     6 |       |       ||    55
       Bite              |     4 |     9 |    20 |    10 ||    43
       Dagger            |       |    26 |       |       ||    26
       Trident           |       |    89 |    54 |       ||   143
       Punch             |       |       |     1 |       ||     1
       Halberd           |       |       |   123 |   109 ||   232
 Cast: Freeze            |    27 |     1 |     3 |     1 ||    32
       Frozen Ramparts   |     1 |    25 |    33 |    17 ||    76
       Summon Ice Beast  |       |     3 |    28 |    11 ||    42
       Hailstorm         |       |       |     1 |     3 ||     4
Invok: Channel Magic     |       |       |       |     1 ||     1
  Use: Potion            |     1 |       |     4 |       ||     5
       Scroll            |       |       |     5 |     4 ||     9
 Stab: Sleeping          |     2 |     8 |     4 |     6 ||    20
       Distracted        |       |       |     2 |       ||     2
Armor: Robe              |    20 |    18 |    41 |    25 ||   104
       Skin              |       |       |     5 |       ||     5
Dodge: Dodged            |    62 |    85 |   117 |    96 ||   360

Table legend: (Time is in decaauts)
 A = Elapsed time spent in this place.
 B = Non-inter-level travel time spent in this place.
 C = Inter-level travel time spent in this place.
 D = Time resting spent in this place.
 E = Time spent auto-exploring this place.
 F = Levels seen in this place.
 G = Mean time per level.
                   A        B        C        D        E       F      G
               +--------+--------+--------+--------+--------+-----+--------+
         Total |  11559 |  11218 |    341 |    342 |   8914 |  12 |  963.2 |
       Dungeon |  11486 |  11168 |    318 |    342 |   8867 |  11 | 1044.2 |
        Temple |     73 |     50 |     23 |      0 |     47 |   1 |   73.0 |
               +--------+--------+--------+--------+--------+-----+--------+

Top non-repeatable levels by time:
     D:8: 2357 daAuts
     D:3: 1347 daAuts
     D:5: 1276 daAuts
     D:9: 1248 daAuts
     D:4: 1232 daAuts
     D:7: 1117 daAuts
     D:1: 1109 daAuts
     D:6: 1044 daAuts
     D:2: 688 daAuts
  Temple: 73 daAuts
    D:13: 61 daAuts
    D:10: 2 daAuts
